Map: Ley Lines

Players

Skyler - Winner!

  • Race: Terran Terran
  • League: Grandmaster
  • Spawn Location: 7:00

STEEZ

  • Race: Zerg Zerg
  • League: Master
  • Spawn Location: 1:00

VOD

Have the link to the VOD?

Description

Time

  • Played on: Oct. 20, 2025, 11:07 p.m.
  • Length: 7:38
Show
View Real Time Build Order
Export as new Build Order

Skyler Terran - Winner!

Build Orders: Reaper Expand 

Get SALT Encoding   

  12  0:00  SCV  
  13  0:12  SCV  
  14  0:16  Supply Depot  
  14  0:24  SCV  
  15  0:38  SCV  
  15  0:39  Barracks  
  16  0:43  Refinery  
  16  0:50  SCV  
  17  1:02  SCV  
  18  1:14  SCV  
  19  1:27  Orbital Command  
  19  1:28  Reaper  
  20  1:42  Command Center  
  20  1:53  SCV  
  21  1:59  Supply Depot  
  21  2:00  Marine  
  22  2:05  SCV  
  23  2:10  Factory  
  23  2:18  Refinery  
  23  2:21  SCV  
  23  2:22  Barracks Reactor  
  24  2:33  SCV  
  25  2:45  SCV  
  26  2:53  Factory Tech Lab  
  26  2:55  Orbital Command  
  26  2:57  Starport  
  26  2:58  SCV  
  26  3:02  Marine  
  26  3:03  Marine  
  29  3:10  SCV  
  30  3:19  Siege Tank  
  33  3:20  Marine x2  
  33  3:22  SCV  
  33  3:24  SCV  
  37  3:28  Supply Depot  
  37  3:33  Viking  
  39  3:34  SCV  
  39  3:36  SCV  
  39  3:38  Marine x2  
  43  3:45  Barracks  
  43  3:49  Barracks  
  43  3:52  SCV x2  
  45  4:00  Siege Tank  
  45  4:01  Supply Depot  
  48  4:02  Marine  
  48  4:04  Marine  
  50  4:11  Starport Reactor  
  50  4:12  SCV x2  
  52  4:19  Refinery, Engineering Bay  
  52  4:26  Supply Depot  
  52  4:27  SCV  
  52  4:28  SCV  
  54  4:31  Refinery  
  54  4:32  Marine, Barracks Tech Lab  
  54  4:34  Marine  
  56  4:39  SCV  
  56  4:41  SCV, Supply Depot  
  58  4:46  Siege Tank  
  58  4:51  Marine  
  62  4:54  Stimpack  
  62  4:55  SCV  
  62  4:57  SCV, Starport Reactor  
  62  4:58  Marine  
  65  5:01  Marine  
  65  5:02  Marine  
  65  5:04  Marine  
  68  5:08  Terran Infantry Weapons Level 1  
  68  5:09  SCV  
  68  5:11  SCV  
  68  5:12  Marine  
  71  5:17  Marine  
  71  5:19  Marine x2  
  74  5:21  Marine  
  74  5:23  Siege Tank  
  78  5:30  Supply Depot  
  78  5:33  Supply Depot  
  78  5:37  Marine, Medivac x2, SCV x2  
  78  5:41  Marine  
  86  5:51  Marine x3, Supply Depot  
  86  5:55  Marine, SCV x2  
  92  5:59  Marine  
  92  6:00  Siege Tank  
  96  6:07  Supply Depot  
  96  6:11  Liberator  
  96  6:13  Liberator  
  102  6:19  Marine x2  
  102  6:20  Supply Depot  
  102  6:22  Marine x2  
  106  6:26  Marine  
  107  6:33  SCV x2  
  109  6:40  Marine x2  
  111  6:55  Liberator  
  111  6:56  Marine x3  
  111  6:58  Marine  
  121  7:01  Siege Tank  
  121  7:02  Marine  
  124  7:13  Marine  
  124  7:14  Marine  
Show
View Real Time Build Order
Export as new Build Order

STEEZ Zerg 

Build Orders: Hatch First 

Get SALT Encoding   

  12  0:00  Drone  
  13  0:08  Drone  
  14  0:15  Extractor, Drone  
  15  0:22  Overlord  
  15  0:41  Drone  
  16  0:46  Hatchery  
  16  0:49  Drone  
  16  0:52  Drone  
  16  0:56  Drone  
  18  1:06  Extractor  
  17  1:11  Spawning Pool  
  17  1:14  Drone  
  17  1:18  Drone  
  18  1:26  Drone  
  19  1:43  Drone  
  20  1:57  Drone  
  20  1:58  Queen  
  20  1:59  Queen  
  20  2:00  Zergling x2  
  26  2:02  Drone  
  27  2:13  Metabolic Boost  
  27  2:14  Overlord  
  27  2:15  Drone  
  27  2:33  Hatchery  
  26  2:43  Drone x4  
  30  2:45  Overlord  
  30  2:46  Zergling x2  
  31  2:54  Drone x2  
  33  2:58  Queen  
  35  3:06  Zergling x2  
  35  3:07  Drone  
  35  3:11  Drone x3  
  40  3:12  Overlord  
  40  3:15  Drone  
  40  3:17  Drone  
  42  3:21  Drone  
  42  3:24  Drone  
  44  3:42  Queen, Evolution Chamber  
  44  3:43  Overlord  
  44  3:45  Queen  
  44  3:46  Drone  
  44  3:47  Drone x3  
  51  3:49  Zergling x2  
  51  3:50  Zergling x2  
  51  3:53  Zergling x4  
  51  3:55  Drone  
  56  3:57  Drone  
  57  4:03  Zergling x4  
  57  4:09  Lair  
  59  4:11  Extractor, Drone  
  59  4:13  Drone x3  
  59  4:14  Drone  
  63  4:21  Roach Warren  
  63  4:23  Overlord  
  62  4:36  Overlord x2  
  62  4:45  Drone x2  
  64  4:47  Overlord  
  64  4:49  Hatchery, Drone x2  
  64  4:50  Drone  
  66  4:54  Drone x6  
  66  4:57  Overlord  
  72  5:01  Zerg Ground Armor Level 1  
  72  5:08  Drone  
  72  5:10  Glial Reconstitution  
  72  5:12  Drone  
  72  5:14  Drone  
  75  5:16  Extractor x2  
  73  5:23  Drone  
  73  5:26  Drone x3  
  73  5:28  Drone x3  
  80  5:29  Drone  
  80  5:32  Spore Crawler  
  80  5:33  Spine Crawler, Drone  
  80  5:41  Roach x4  
  88  5:48  Hydralisk Den  
  88  5:49  Drone  
  88  5:50  Evolution Chamber, Drone x2  
  88  5:53  Extractor  
  88  5:55  Extractor  
  87  5:57  Drone x3  
  87  5:59  Overlord x3  
  90  6:06  Overlord x3  
  90  6:08  Pneumatized Carapace  
  90  6:17  Drone x7  
  96  6:22  Roach x4  
  104  6:31  Roach x4  
  104  6:32  Ravager x3  
  117  6:40  Roach  
  117  6:41  Zergling x2  
  117  6:42  Zergling x12  
  117  6:43  Zergling x2  
  117  6:45  Roach  
  126  6:59  Overlord, Hatchery  
  125  7:02  Roach  
  125  7:06  Overlord  
  125  7:07  Overlord  
  127  7:12  Overlord x2  
  126  7:18  Ravager  
Tags
 
Add a new tag
Caveats
  • Supply blocks, unpowered buildings, or Contaminate may cause inaccurate times.
  • Supply counts are checked every 10 seconds.